 Dungeon Crawl Stone Soup version 0.31-a0-875-g02e7d12df6 (webtiles) character file.

Game seed: 14953249612112337067

145 Shayle the Ruffian (level 5, -5/54 (58) HPs)
             Began as a Human Shapeshifter on Oct 13, 2023.
             Slain by a hell rat (12 damage)
             ... in a sewer.
             The game lasted 00:11:25 (2451 turns).

Shayle the Ruffian (Human Shapeshifter)             Turns: 2451, Time: 00:11:27

HP:   -5/54 (58)    AC: 22    Str: 14    XL:     5   Next: 53%
MP:   5/5           EV:  2    Int: 13    God:
Gold: 163           SH:  0    Dex: 12    Spells: 4/4 levels left

rFire   . . .        q - +4 mace
rCold   . . .        (no shield)
rNeg    . . .        a - melded +0 animal skin
rPois   +            (helmet currently unavailable)
rElec   .            (cloak currently unavailable)
rCorr   .            (gloves currently unavailable)
SInv    .            (boots currently unavailable)
Will    .....        (no amulet)
Stlth   +            (no ring)
HPRegen 0.29/turn    (no ring)
MPRegen 0.09/turn

%: no passive effects
@: tree-form, drained
A: stationary, stasis, torment immunity, boosted hp
a: no special abilities


You were in a sewer.
You were a tree.
You visited 1 branch of the dungeon, and saw 3 of its levels.
You also visited: Sewer.

You collected 163 gold pieces.

Inventory:

Hand Weapons
 q - a +4 mace (weapon)
Armour
 a - a +0 animal skin (melded)
 p - a +2 helmet
Talismans
 c - a beast talisman
 d - a flux talisman
Scrolls
 f - a scroll of fog {unknown}
 g - 2 scrolls of noise {unknown}
 h - a scroll of vulnerability {unknown}
 i - 4 scrolls of silence {unknown}
 j - a scroll of blinking {unknown}
 k - a scroll of revelation {unknown}
 r - a scroll of brand weapon {unknown}
 s - a scroll of fear {unknown}
Potions
 e - 4 potions of curing {unknown}
 l - a potion of attraction {unknown}
 m - 2 potions of ambrosia {unknown}
 n - 2 potions of mutation {unknown}
 o - 2 potions of heal wounds {unknown}


   Skills:
 + Level 2.5 Fighting
 + Level 3.1 Dodging
 + Level 3.8 Unarmed Combat
 + Level 3.7 Shapeshifting


You had 4 spell levels left.
You didn't know any spells.
Your spell library contained the following spells:

 Spells                   Type           Power      Damage    Failure   Level
 Magic Dart               Conj           0%         1d3       30%         1
 Call Imp                 Summ           0%         N/A       43%         2
 Mephitic Cloud           Conj/Pois/Air  0%         N/A       67%         3


Dungeon Overview and Level Annotations

Branches:
Dungeon (3/15)              Sewer (1/1)

Altars:
Wu Jian

Annotations:
D:3 1 runed translucent door, Crazy Yiuf


Message History

Your +0 animal skin melds into your body.
Your roots penetrate the ground.
The hell rat splashes around in the water.
You barely miss the hell rat. You punch the hell rat.
The hell rat is lightly wounded.
The hell rat bites you but does no damage.
The hell rat bites you.
You hit the hell rat but do no damage.
The hell rat is lightly wounded.
The hell rat bites you but does no damage.
You hit the hell rat but do no damage.
The hell rat is lightly wounded.
The hell rat bites you.
The hell rat bites you but does no damage.
You hit the hell rat but do no damage.
The hell rat is lightly wounded.
The hell rat bites you!
You feel drained.
The hell rat splashes around in the water.
You hit the hell rat but do no damage. Your punch misses the hell rat.
The hell rat is lightly wounded.
The hell rat bites you but does no damage.
You closely miss the hell rat.
The hell rat is lightly wounded.
The hell rat bites you but does no damage.
The hell rat twitches its whiskers.
The hell rat bites you but does no damage.
You hit the hell rat but do no damage.
The hell rat is lightly wounded.
The hell rat bites you! x2
You barely miss the hell rat.
The hell rat is lightly wounded.
The hell rat bites you but does no damage.
You closely miss the hell rat.
The hell rat is lightly wounded.
The hell rat bites you!
* * * LOW HITPOINT WARNING * * *
You feel drained.
* * * LOW HITPOINT WARNING * * *
The hell rat bites you!
You die...

##~..##
~..~.~.
##.~....~##
#.~~###.~.#
##.~##~ #.~##
#~~~#~~.#~†.#
#††##(.~##..#
#..#??~~~#..#
#∩∩#∩?~~r♣~~#
#~~#?!~~~#..#
#~.##?.~##..#
#~~.#~~.#~~~#
##~~##~##†~##
#.~†###~~~#
##~~†.~~~##
#~.~~~.~#
###~..###


You could see a hell rat.

Vanquished Creatures
  Robin (D:2)
  A gnoll (D:1)
  2 adders
  A river rat (Sewer)
  A worm (D:2)
  A dart slug (D:3)
  An orc (D:3)
  4 ball pythons
  11 bats
  4 endoplasms
  3 giant cockroaches
  13 goblins
  9 hobgoblins
  6 jackals
  7 quokkas
  5 frilled lizards (D:1)
  6 kobolds
  12 rats
88 creatures vanquished.

Notes
Turn   | Place    | Note
-------+----------+-------------------------------------------
     0 | D:1      | Shayle the Human Shapeshifter began the quest for the Orb.
     0 | D:1      | Reached XP level 1. HP: 15/15 MP: 1/1
   143 | D:1      | Reached XP level 2. HP: 14/21 MP: 2/2
   342 | D:1      | Reached XP level 3. HP: 25/26 MP: 3/3
   941 | D:2      | Reached XP level 4. HP: 33/33 MP: 4/4
  1044 | D:2      | Identified the +0 leather armour of the Bard {rPois Str+3
                  | Dex-2}
  1476 | D:2      | Noticed Robin
  1512 | D:2      | Killed Robin
  1691 | D:2      | Reached XP level 5. HP: 29/38 MP: 5/5
  1861 | D:3      | Found an ornate altar of the Wu Jian Council.
  2143 | D:3      | Found a runed translucent door.
  2144 | D:3      | Noticed Crazy Yiuf
  2284 | D:3      | Found a glowing drain.
  2291 | Sewer    | Entered a sewer
  2451 | Sewer    | Slain by a hell rat

Illustrated notes

Levels and vault maps discovered:
D:1:      giann_wishing_wells, layout_basic, minmay_indecisive_spiral
D:2:      layout_loops_ring, uniq_robin
D:3:      layout_rooms, nzn_wu_jian_council_hall, cheibrodos_sewer_entry_bend,
          uniq_crazy_yiuf_cottage
Sewer:    sewer_hellmonk_bad_rat

Skill      XL: |  1  2  3  4  5 |
---------------+----------------+-----
Fighting       | 2 |  2.5
Dodging        | 3 |  3.1
Unarmed Combat | |  3.8
Shapeshifting  | |  3.7

Action                     |  1- 3 |  4- 6 || total
---------------------------+-------+-------++-------
  Melee: Unarmed           |   110 |   127 ||   237
         Punch             |     3 |     5 ||     8
         Mace              |       |    43 ||    43
    Use: Potion            |       |     1 ||     1
   Stab: Sleeping          |     2 |     1 ||     3
 Armour: Animal skin       |    67 |    86 ||   153
         Skin              |       |    14 ||    14
  Dodge: Dodged            |    79 |   101 ||   180

Table legend: (Time is in decaauts)
 A = Elapsed time spent in this place.
 B = Non-inter-level travel time spent in this place.
 C = Inter-level travel time spent in this place.
 D = Time resting spent in this place.
 E = Time spent auto-exploring this place.
 F = Levels seen in this place.
 G = Mean time per level.
                   A        B        C        D        E       F      G
               +--------+--------+--------+--------+--------+-----+--------+
         Total |   2460 |   2444 |     16 |    279 |   1243 |   4 |  615.0 |
       Dungeon |   2283 |   2267 |     16 |    199 |   1222 |   3 |  761.0 |
         Sewer |    177 |    177 |      0 |     80 |     21 |   1 |  177.0 |
               +--------+--------+--------+--------+--------+-----+--------+

Top non-repeatable levels by time:
     D:2: 968 daAuts
     D:1: 881 daAuts
     D:3: 433 daAuts
   Sewer: 177 daAuts
